 Dungeon Crawl Stone Soup version 0.20.0-8-g6b59dc7 (webtiles) character file.

37 Kosschaser the Charmwright (level 3, -4/22 HPs)
             Began as a Gargoyle Skald on May 30, 2017.
             Killed by nerve-wracking pain
             ... invoked by Jessica
              (6 damage)
             ... on level 2 of the Dungeon.
             The game lasted 00:04:14 (1183 turns).

Kosschaser the Charmwright (Gargoyle Skald)         Turns: 1183, Time: 00:04:15

Health: -4/22      AC: 14    Str: 14    XL:     3   Next: 39%
Magic:  6/6        EV:  4    Int: 13    God:
Gold:   82         SH:  0    Dex: 10    Spells: 5/6 levels left

rFire    . . .     SeeInvis .   a - +0 mace
rCold    . . .     Gourm    .   (no shield)
rNeg     + . .     Faith    .   j - +0 plate armour
rPois    ∞         Spirit   .   l - +0 helmet
rElec    +         Reflect  .   (no cloak)
rCorr    .         Harm     .   (no gloves)
MR       .....                  (no boots)
Stlth    ..........             (no amulet)
Regen    0.1/turn               (no ring)
MPRegen  0.1/turn               (no ring)

@: no status effects
A: negative energy resistance 1, electricity resistance, unbreathing,
petrification resistance, rot immunity, AC +3
a: no special abilities


You were on level 2 of the Dungeon.
You were not hungry.

You visited 1 branch of the dungeon, and saw 2 of its levels.

You collected 82 gold pieces.

Inventory:

Hand Weapons
 a - a +0 mace (weapon)
Armour
 b - a +0 leather armour
 j - a +0 plate armour (worn)
 l - a +0 helmet (worn)
Scrolls
 e - 2 scrolls of teleportation {unknown}
 f - 2 scrolls of remove curse {unknown}
 g - 3 scrolls of identify {unknown}
 h - a scroll of enchant armour {unknown}
 p - a scroll of magic mapping {unknown}
Potions
 i - a potion of mutation {unknown}
 k - a potion of curing {unknown}
 m - a potion of degeneration {unknown}
 n - a potion of lignification {unknown}
 o - a potion of flight {unknown}
Books
 c - a book of Battle

   Spells                             Type                      Level
   a - Infusion                       Charms                       1
   b - Shroud of Golubria             Charms/Translocation         2
   c - Song of Slaying                Charms                       2
   d - Spectral Weapon                Hexes/Charms                 3
   e - Regeneration                   Charms/Necromancy            3
Comestibles
 d - a bread ration


   Skills:
 + Level 2.9 Fighting
 + Level 2.2 Maces & Flails
 + Level 1.3 Armour
 * Level 1.9 Dodging
 + Level 2.0 Spellcasting
 + Level 3.0 Charms


You had 5 spell levels left.
You knew the following spells:

 Your Spells              Type           Power        Failure   Level  Hunger
a - Infusion              Chrm           #...         100%        1    ##.....


Dungeon Overview and Level Annotations

Branches:
Dungeon (2/15)

Altars:

Annotations:
D:2 Jessica


Innate Abilities, Weirdness & Mutations

You are resistant to torment.
Your stone body is resilient. (AC +3)
You are immune to poison.
You resist negative energy. (rN+)
You are resistant to electric shocks. (rElec)
You can survive without breathing.
You are immune to petrification.
You are immune to rotting.


Message History

The quokka is heavily wounded.
The quokka bites you but does no damage.
Jessica barely misses you.
The quokka bites you but does no damage.
Jessica points at you and mumbles some strange words.
Pain shoots through your body!
* * * LOW HITPOINT WARNING * * *
You hit the quokka.
You kill the quokka!
Jessica hits you but does no damage. Jessica hits you but does no damage.
You see here a quokka corpse.
You hit Jessica.
Jessica is severely wounded.
Jessica barely misses you.
You closely miss Jessica.
Jessica is severely wounded.
Jessica casts a spell at you. Pain shoots through your body!
You die...

..##.[#...###....#
......###..#.....##
......###....#.....
.##.#.....#.#..... .
#.#.........##### .
#.#...###..##...##
#.##..###..#.....# ..
#.......#!....#
##.###..#..@..# ..
##.###..##@..##....
#.....#..##'##..... #+#
##.##.#............. #.##
....#...............
...####.....##.###.......
##.##...###..............
##.##.### ###.####......
......# #...##......


You could see Jessica.

Vanquished Creatures
  A worm (D:2)
  A dart slug (D:1)
  3 leopard geckos
  4 giant cockroaches
  2 goblins
  3 hobgoblins
  3 kobolds (D:1)
  A quokka (D:2)
  A ball python (D:1)
  3 bats
  5 rats (D:1)
27 creatures vanquished.

Notes
Turn   | Place    | Note
-------+----------+-------------------------------------------
     0 | D:1      | Kosschaser the Gargoyle Skald began the quest for the Orb.
     0 | D:1      | Reached XP level 1. HP: 12/12 MP: 3/3
   347 | D:1      | Reached XP level 2. HP: 15/18 MP: 5/5
   583 | D:1      | Reached skill level 3 in Charms
   948 | D:2      | Reached XP level 3. HP: 22/22 MP: 6/6
  1163 | D:2      | Noticed Jessica
  1183 | D:2      | Killed from afar by Jessica

Skill      XL: |  1  2 |
---------------+-------+-----
Charms         | 3 |  3.0
Fighting       | |  2.9
Maces & Flails | |  2.2
Armour         | |  1.3
Dodging        | |  1.9
Spellcasting   | |  2.0

Action                   || total
-------------------------++-------
Melee: Mace              ||   148
  Eat: Chunk             ||     1
Armor: Leather armour    ||    16
       Plate armour      ||   113
Dodge: Dodged            ||    70
